 Dungeon Crawl Stone Soup version 0.29.1-2-gbd0b4ee654 (webtiles) character file.

Game seed: 3366365172935018873

120379 soonk12 the Warrior (level 16, -7/124 HPs)
             Began as a Minotaur Berserker on Nov 13, 2022.
             Was a High Priest of Trog.
             Killed from afar by a starcursed mass (11 damage)
             ... with an accursed screaming
             ... on level 2 of the Abyss.
             The game lasted 03:12:49 (29258 turns).

soonk12 the Warrior (Minotaur Berserker)           Turns: 29258, Time: 03:12:53

Health: -7/124     AC: 21    Str: 25    XL:     16   Next: 29%
Magic:  15/15      EV: 18    Int:  2    God:    Trog [*****.]
Gold:   2407       SH:  0    Dex: 11    Spells: 15/15 levels left

rFire   + . .      SeeInvis .   H - +5 great mace (vorpal)
rCold   . . .      Faith    .   (shield currently unavailable)
rNeg    . . .      Spirit   .   G - +2 chain mail {rF+}
rPois   .          Reflect  .   (helmet restricted)
rElec   .          Harm     .   x - +2 cloak {Stlth+}
rCorr   .          Rampage  .   v - +0 pair of gloves of the Hanged Man {Slay+2}
Will    +....                   (no boots)
Stlth   +.........              P - amulet of the acrobat
HPRegen 0.30/turn               g - +4 ring of protection
MPRegen 0.14/turn               N - +4 ring of evasion

@: mighty, about to teleport, studying Throwing
A: horns 2, retaliatory headbutt, [deformed body], [dopey 2], [frail 2],
[screaming 1], [weak 1], [no potion heal 1]
a: Renounce Religion, Berserk, Trog's Hand, Brothers in Arms


You were on level 2 of the Abyss.
You worshipped Trog.
Trog was extremely pleased with you.
You visited 5 branches of the dungeon, and saw 25 of its levels.
You visited the Abyss 1 time.

You collected 2612 gold pieces.
You spent 205 gold pieces at shops.

Inventory:

Hand Weapons
 j - the +9 war axe of Hospitality {vamp, rC+ rCorr Str+3}
   (You found it on level 1 of the Snake Pit)

   It occasionally heals its wielder for a portion of the damage dealt when it
   wounds a living foe.
   Str:       It affects your strength (+3).
   rC:        It protects you from cold.
   rCorr:     It protects you from acid and corrosion.
 s - a +0 sling of freezing
 H - a +5 vorpal great mace (weapon)
 Z - a +3 antimagic great mace
Missiles
 a - 18 boomerangs
 k - 241 stones (quivered)
 n - 41 poisoned darts
 w - 4 throwing nets
Armour
 v - the +0 pair of gloves of the Hanged Man (worn) {Slay+2}
   (You found it on level 3 of the Dungeon)

   Slay:      It affects your accuracy & damage with ranged weapons and melee
   (+2).
 x - a +2 cloak of stealth (worn)
 G - a +2 chain mail of fire resistance (worn)
 K - a +2 tower shield of protection
Jewellery
 g - a +4 ring of protection (left hand)
 u - a +6 ring of dexterity
 y - a ring of fire
 E - a +4 ring of evasion
 F - a ring of poison resistance
 N - a +4 ring of evasion (right hand)
 O - a ring of flight
 P - an amulet of the acrobat (around neck)
 R - a ring of resist corrosion
 X - an amulet of regeneration
Wands
 m - a wand of flame (16)
 r - a wand of mindburst (19)
 t - a wand of digging (8)
 A - a wand of iceblast (16)
 B - a wand of paralysis (26)
 Q - a wand of polymorph (2)
 U - a wand of quicksilver (7)
Scrolls
 b - 2 scrolls of blinking
 c - 7 scrolls of fog
 e - 9 scrolls of identify
 f - 5 scrolls of teleportation
 h - 2 scrolls of brand weapon {unknown}
 o - 3 scrolls of fear
 I - 2 scrolls of poison
 M - a scroll of acquirement {unknown}
 S - a scroll of enchant armour
 T - 3 scrolls of enchant weapon
Potions
 d - 2 potions of flight
 i - 6 potions of degeneration
 l - 3 potions of magic
 p - 4 potions of lignification
 q - a potion of berserk rage
 z - a potion of heal wounds
 C - 4 potions of brilliance
 D - 2 potions of might
 J - 5 potions of curing
 L - a potion of cancellation
 W - 2 potions of haste
 Y - 2 potions of mutation


   Skills:
 + Level 17.5 Fighting
 - Level 2.6(3.4) Short Blades
 - Level 3.7(4.2) Long Blades
 + Level 15.9 Maces & Flails
 - Level 5.7 Polearms
 + Level 17.2 Armour
 + Level 16.0 Dodging
 - Level 5.0 Stealth
 - Level 5.0 Evocations


You had 15 spell levels left.
You didn't know any spells.
Your spell library was empty.

Dungeon Overview and Level Annotations

Branches:
Dungeon (15/15)            Temple (1/1) D:6            Lair (5/5) D:8
 Shoals (0/4) Lair:2        Snake (2/4) Lair:2        Slime (0/5) Lair:4
    Orc (2/2) D:10            Elf (0/3) Orc:2        Vaults (0/5) D:13
 Depths: D:15

Altars:
Ashenzari
Cheibriados
Dithmenos
Elyvilon
Fedhas
Gozag
Hepliaklqana
Kikubaaqudgha
Makhleb
Nemelex Xobeh
Okawaru
Qazlal
Ru
Sif Muna
Trog
Uskayaw
Vehumet
Wu Jian
Xom
Yredelemnul
Zin
The Shining One

Shops:
D:2 :   D:10 (   Orc:2 (***   Snake:1 =::   Snake:2 (

Annotations:
D:13 2 transporters, croobank's ghost, journeyman FeSu
Lair:4 1 runed translucent door
Snake:2 Vashnia


Innate Abilities, Weirdness & Mutations

You have a pair of horns on your head.
You reflexively headbutt those who attack you in melee.
[Armour fits poorly on your strangely shaped body.]
[You are very dopey. (Int -4)]
[You are very frail. (-20% HP)]
[You occasionally shout uncontrollably at your foes.]
[You are weak. (Str -2)]
[Potions are less effective at restoring your health.]


Message History

You headbutt the large abomination.
The large abomination is moderately damaged.
The large abomination closely misses you.
You furiously retaliate!
You headbutt the large abomination.
A starcursed mass splits.
A chorus of shrieks assaults your mind.
* * * LOW HITPOINT WARNING * * *
You feel very mighty all of a sudden.
The large abomination closely misses you.
You furiously retaliate!
You headbutt the large abomination. You hit the large abomination.
Your headbutt misses the large abomination.
The large abomination is heavily damaged.
A starcursed mass splits.
The large abomination closely misses you.
A chorus of shrieks assaults your mind.
* * * LOW HITPOINT WARNING * * *
You sock the large abomination! You headbutt the large abomination.
The large abomination is almost destroyed.
You barely miss the large abomination.
Your headbutt misses the large abomination.
The large abomination is almost destroyed.
The large abomination misses you.
A starcursed mass comes into view.
You pound the large abomination like an anvil!!!
You destroy the large abomination!
Trog accepts your kill.
A starcursed mass splits.
You bludgeon the bunyip!!
The bunyip is moderately wounded.
The bunyip howls a warning cry!
A starcursed mass splits.
You hear a roar! x3
You closely miss the bunyip. You headbutt the bunyip!
The bunyip is moderately wounded.
The bunyip claws you but does no damage.
The bunyip barely misses you.
The bunyip claws you but does no damage.
A deafening chorus of shrieks assaults your mind!
You die...

# .. #
##.§ #
.#... #
#### ... #
#.. ..#.
##...#X.
.. #.#.#
#.#...# #.
.#...#X..#
##..
##@..# # .
#.x#### #
# #...X.#
. _#....##
##X.... .
..X.#.#.#
#...#. #..
X#.. .. ##
. ~#
#X§...#..


You could see 5 starcursed masses, a bunyip (catching breath) and a large
abomination.

Vanquished Creatures
  An orc warlord (Orc:2)
  2 ettins
  The ghost of croobank the Spry, a journeyman FeSu of Gozag (Snake:1)
  3 vault guards
  4 boulder beetles
  The ghost of Uniporpoise the Grappler, a journeyman DrTm of Sif Muna (D:11)
  Erica (D:8)
  3 anacondas (Snake:1)
  An ogre mage (D:15)
  2 centaur warriors
  3 catoblepae (Lair:5)
  10 hydras
  4 naga warriors (Snake:1)
  21 death yaks
  8 two-headed ogres
  A deep troll shaman (Lair:5)
  2 tengu warriors (D:13)
  3 orc high priests (Orc:2)
  4 naga sharpshooters (Snake:1)
  The ghost of SirLogeyBear the Cleaver, a novice HOBe of Trog (D:8)
  5 shock serpents (Snake:1)
  5 skeletal warriors (D:14)
  A wretched star (Abyss:2)
  A deep troll (D:15)
  5 mana vipers (Snake:1)
  2 naga ritualists (Snake:1)
  3 orc knights
  2 wizards (D:13)
  6 ugly things
  2 necromancers
  A deep elf pyromancer (D:14)
  2 salamanders (Snake:1)
  A will-o-the-wisp (Abyss:2)
  4 manticores
  3 orc sorcerers (Orc:2)
  A moth of wrath (D:8)
  A cyclops (D:14)
  10 elephants
  A rust devil (Abyss:2)
  22 black mambas
  3 naga magi
  10 cane toads
  3 gargoyles
  A kobold demonologist (D:8)
  A hellion (Abyss:2)
  3 rime drakes
  A freezing wraith (D:14)
  8 komodo dragons
  A spectral mana viper (Snake:1)
  An ancient zyme (Abyss:2)
  6 trolls
  6 polar bears
  A hornet (shapeshifter) (D:14)
  2 large abominations (Abyss:2)
  Grinder (D:6)
  A spectral guardian serpent (Snake:1)
  Prince Ribbit (D:6)
  13 blink frogs
  15 slime creatures
  A dream sheep (Lair:1)
  A centaur simulacrum (D:14)
  A ynoxinul (Abyss:2)
  55 yaks
  5 wyverns
  3 basilisks
  4 wraiths
  A spectral salamander (Snake:1)
  19 humans (D:13)
  3 golden eyes (Abyss:2)
  A steam dragon (D:6)
  3 spectral nagas (Snake:1)
  Menkaure (D:4)
  5 vampire mosquitoes
  6 nagas
  3 wargs
  An acid dragon (D:10)
  Edmund (D:6)
  16 water moccasins
  A sky beast (D:6)
  4 ice beasts
  19 orc warriors
  A black bear (Lair:5)
  6 ogres
  8 centaurs
  12 wolves
  Blork the orc (D:6)
  A phantom (D:5)
  4 kobold brigands
  2 necrophages
  13 bullfrogs
  A gnoll sergeant (D:9)
  3 naga simulacra (Snake:1)
  4 scorpions
  5 wights
  An electric eel (Lair:4)
  16 howler monkeys
  2 jellies (D:5)
  3 hounds (D:5)
  17 orc priests
  3 gnoll boudas
  3 iguanas (D:5)
  22 orc wizards
  6 hell rats
  19 gnolls
  3 river rats (D:6)
  8 adders
  A shadow imp (D:6)
  3 white imps
  2 ufetubi
  2 worms (D:2)
  2 dart slugs (D:4)
  85 orcs
  7 ball pythons
  6 bats
  7 endoplasms
  5 giant cockroaches
  6 goblins
  6 hobgoblins
  3 jackals
  5 quokkas
  6 frilled lizards
  15 kobolds
  12 rats
723 creatures vanquished.

Vanquished Creatures (collateral kills)
  3 orc knights (Orc:2)
  2 orc warriors (Orc:2)
  An orc priest (Orc:2)
6 creatures vanquished.

Vanquished Creatures (others)
  2 orc wizards
  17 bushes
  4 foxfires (Abyss:2)
  51 fungi
  103 plants
177 creatures vanquished.

Grand Total: 906 creatures vanquished

Notes
Turn   | Place    | Note
-------+----------+-------------------------------------------
     0 | D:1      | soonk12 the Minotaur Berserker began the quest for the Orb.
     0 | D:1      | Reached XP level 1. HP: 19/19 MP: 0/0
     6 | D:1      | Noticed a wyvern
     6 | D:1      | Noticed an anaconda
     6 | D:1      | Noticed a lindwurm
     7 | D:1      | Noticed an iguana
     7 | D:1      | Noticed a killer bee
   378 | D:1      | Reached XP level 2. HP: 23/27 MP: 1/1
   869 | D:2      | Reached ** piety under Trog
  1087 | D:2      | Reached XP level 3. HP: 33/33 MP: 2/2
  1514 | D:2      | Found Etutwo Xuiq's Book Shoppe.
  1614 | D:2      | Found an opulent altar of Gozag.
  1617 | D:2      | Reached XP level 4. HP: 40/40 MP: 3/3
  1836 | D:4      | Noticed Menkaure
  2245 | D:3      | Identified the +0 pair of gloves of the Hanged Man {Slay+2}
  2289 | D:3      | Found a sacrificial altar of Ru.
  2934 | D:4      | Reached *** piety under Trog
  2935 | D:4      | Reached XP level 5. HP: 33/47 MP: 4/4
  3121 | D:5      | Entered Level 5 of the Dungeon
  3436 | D:4      | Found a shadowy altar of Dithmenos.
  3463 | D:4      | Reached skill level 5 in Polearms
  3528 | D:4      | Killed Menkaure
  3529 | D:4      | Reached skill level 5 in Fighting
  3529 | D:4      | Reached XP level 6. HP: 32/56 MP: 5/5
  4942 | D:5      | Reached skill level 5 in Armour
  4942 | D:5      | Reached XP level 7. HP: 62/62 MP: 6/6
  5071 | D:5      | Reached skill level 1 in Long Blades
  5238 | D:5      | Found a glowing silver altar of Zin.
  5265 | D:6      | Noticed Prince Ribbit
  5494 | D:6      | Noticed a gargoyle
  5522 | D:5      | Reached skill level 5 in Dodging
  5855 | D:6      | Killed Prince Ribbit
  5856 | D:6      | Reached XP level 8. HP: 71/71 MP: 7/7
  5914 | D:6      | Noticed Edmund
  5922 | D:6      | Killed Edmund
  6239 | D:6      | Reached skill level 1 in Maces & Flails
  6341 | D:6      | Killed a gargoyle
  6508 | D:6      | Reached **** piety under Trog
  6509 | D:6      | Reached XP level 9. HP: 76/81 MP: 8/8
  6545 | D:6      | Noticed a troll
  6719 | D:6      | Noticed Blork the orc
  6725 | D:6      | Killed Blork the orc
  6727 | D:6      | Noticed Grinder
  6816 | D:5      | Killed a troll
  6879 | D:6      | Paralysed by Grinder for 2 turns
  6886 | D:6      | Killed Grinder
  7008 | D:6      | Found a staircase to the Ecumenical Temple.
  7020 | Temple   | Entered the Ecumenical Temple
  7489 | D:8      | Noticed a manticore
  7618 | D:7      | Reached skill level 5 in Maces & Flails
  7872 | D:7      | Found a large runed translucent door.
  7873 | D:7      | Found a large runed translucent door.
  7898 | D:7      | Found a sparkling altar of Nemelex Xobeh.
  7901 | D:7      | Found a broken altar of Ashenzari.
  8328 | D:8      | Found a transporter.
  8332 | D:8      | Noticed SirLogeyBear's ghost (novice HOBe)
  8336 | D:8      | Noticed a manticore
  8336 | D:8      | Noticed a moth of wrath
  8356 | D:8      | Found a transporter.
  8537 | D:8      | Found a staircase to the Lair.
  8566 | D:8      | Noticed a kobold demonologist
  8569 | D:8      | Noticed a soul eater
  8579 | D:8      | Noticed Erica
  8803 | Lair:1   | Entered Level 1 of the Lair of Beasts
  8803 | Lair:1   | Noticed a black mamba
  8811 | Lair:1   | Killed a black mamba
  8812 | Lair:1   | Reached XP level 10. HP: 87/91 MP: 9/9
  8914 | Lair:1   | You fall into a shaft and drop 1 floor!
  8952 | Lair:2   | Reached ***** piety under Trog
  9020 | Lair:2   | Found a staircase to the Snake Pit.
  9150 | Lair:2   | Reached skill level 10 in Fighting
  9445 | Lair:2   | Noticed an elephant
  9445 | Lair:2   | Noticed an elephant
  9445 | Lair:2   | Noticed an elephant
  9446 | Lair:2   | Noticed an elephant
  9611 | Lair:1   | Reached skill level 10 in Armour
  9614 | Lair:1   | Noticed a cane toad
  9623 | Lair:1   | Killed a cane toad
 10143 | Lair:1   | Noticed a cane toad
 10157 | Lair:1   | Reached XP level 11. HP: 101/101 MP: 10/10
 10442 | Lair:1   | Noticed a four-headed hydra
 10453 | Lair:1   | Killed a four-headed hydra
 10460 | Lair:1   | Reached skill level 10 in Dodging
 10995 | Lair:2   | Found a staircase to the Shoals.
 11625 | Lair:2   | Reached skill level 10 in Maces & Flails
 11846 | Lair:2   | Noticed a death yak
 11846 | Lair:2   | Noticed a death yak
 11847 | Lair:2   | Noticed a death yak
 11963 | Lair:2   | Noticed a boulder beetle
 11981 | Lair:2   | Killed a boulder beetle
 11982 | Lair:2   | Reached XP level 12. HP: 87/112 MP: 11/11
 12184 | Lair:2   | Noticed a death yak
 12257 | Lair:3   | Identified the +7 rapier of the Neverending Spines {vorpal,
                  | +Blink Dex+3}
 12298 | Lair:3   | Found a sacrificial altar of Ru.
 12393 | Lair:3   | Noticed a six-headed hydra
 12474 | Lair:2   | Noticed a death yak
 12524 | Lair:2   | Noticed a death yak
 12548 | Lair:2   | Reached skill level 1 in Short Blades
 12559 | Lair:1   | Killed a death yak
 12560 | Lair:1   | Reached skill level 1 in Evocations
 12569 | Lair:1   | Killed a death yak
 12927 | D:8      | Killed Erica
 13469 | D:8      | Received a gift from Trog
 13520 | D:8      | Found a radiant altar of Vehumet.
 13692 | D:8      | Found a stormy altar of Qazlal.
 13947 | D:8      | Killed SirLogeyBear's ghost
 14533 | D:10     | Entered Level 10 of the Dungeon
 14799 | D:9      | Found a blossoming altar of Fedhas.
 14960 | D:9      | Found a hazy altar of Hepliaklqana.
 15135 | D:9      | Found a white marble altar of Elyvilon.
 15490 | D:10     | Found Dotu's Weapon Emporium.
 15490 | D:10     | Found a staircase to the Orcish Mines.
 15972 | D:10     | Found a burning altar of Makhleb.
 16472 | D:11     | Found a runed translucent gate.
 16472 | D:11     | Found a runed translucent gate.
 16472 | D:11     | Found a runed translucent gate.
 16472 | D:11     | Noticed Uniporpoise's ghost (journeyman DrTm)
 16511 | D:11     | Found an opulent altar of Gozag.
 16538 | D:11     | Noticed an eight-headed hydra
 16658 | Lair:1   | Killed a death yak
 16960 | Snake:1  | Entered Level 1 of the Snake Pit
 16967 | Snake:1  | Noticed a naga warrior
 16981 | Snake:1  | Killed a naga warrior
 16982 | Snake:1  | Reached XP level 13. HP: 122/122 MP: 12/12
 17608 | Lair:3   | Reached ****** piety under Trog
 18209 | Lair:4   | Received a gift from Trog
 18321 | Lair:5   | Entered Level 5 of the Lair of Beasts
 18393 | Lair:4   | Found a runed translucent door.
 18394 | Lair:4   | Noticed an acid blob
 18395 | Lair:4   | Found a staircase to the Slime Pits.
 19721 | Lair:4   | Reached XP level 14. HP: 118/133 MP: 13/13
 19752 | Lair:5   | Reached skill level 15 in Fighting
 19879 | Lair:5   | Reached skill level 1 in Stealth
 20136 | Lair:5   | Received a gift from Trog
 20641 | Lair:5   | Reached skill level 15 in Armour
 20994 | Lair:5   | Found the +6 arbalest "Damnation" {damnation}
 21232 | Snake:1  | Identified the +9 war axe of Hospitality {vamp, rC+ rCorr
                  | Str+3}
 21402 | Snake:1  | Found a runed translucent gate.
 21402 | Snake:1  | Found a runed translucent gate.
 21402 | Snake:1  | Found a runed translucent gate.
 21403 | Snake:1  | Noticed croobank's ghost (journeyman FeSu)
 21670 | Snake:1  | Found Vuseth's Jewellery Shop.
 21671 | Snake:1  | Found Paexky's Book Emporium.
 21671 | Snake:1  | Found Uluob's Book Emporium.
 21972 | Snake:1  | Reached skill level 5 in Evocations
 22464 | Snake:1  | Reached XP level 15. HP: 112/143 MP: 14/14
 22941 | Snake:1  | Received a gift from Trog
 23177 | Snake:1  | Killed croobank's ghost
 23409 | Snake:2  | Found Hablawikk's Antique Weapon Emporium.
 23429 | Snake:2  | Noticed Vashnia
 24093 | D:11     | Killed Uniporpoise's ghost
 25139 | Orc:1    | Entered Level 1 of the Orcish Mines
 25298 | Orc:2    | Entered Level 2 of the Orcish Mines
 25334 | Orc:2    | Reached skill level 5 in Stealth
 25379 | Orc:1    | Received a gift from Trog
 25380 | Orc:1    | Noticed an orc warlord
 25402 | Orc:2    | Killed an orc warlord
 25840 | Orc:2    | Reached skill level 15 in Dodging
 25855 | Orc:2    | Found a staircase to the Elven Halls.
 26300 | Orc:2    | Received a gift from Trog
 26575 | Orc:2    | Found Wenteurgh's Weapon Shoppe.
 26575 | Orc:2    | Found Unki's General Store.
 26583 | Orc:2    | Found Wuubocs's Assorted Antiques.
 26583 | Orc:2    | Found Buluasut's General Store.
 26597 | Orc:2    | Bought a potion of cancellation for 112 gold pieces
 26603 | Orc:2    | Bought a potion of curing for 93 gold pieces
 26859 | D:13     | Found a transporter.
 26862 | D:13     | Noticed croobank's ghost (journeyman FeSu)
 26916 | D:13     | Reached skill level 15 in Maces & Flails
 27325 | D:13     | Found a gate to the Vaults.
 27561 | D:13     | Identified the +2 ring mail of Qipo {Dex+9}
 27871 | D:13     | Found a transporter.
 27915 | D:14     | Received a gift from Trog
 28049 | D:15     | Entered Level 15 of the Dungeon
 28126 | D:14     | Reached XP level 16. HP: 155/155 MP: 15/15
 28979 | Abyss:2  | Cast into level 2 of the Abyss (a wizard)
 29012 | Abyss:2  | Found a corrupted altar of Lugonu.
 29253 | Abyss:2  | HP: 3/124 [starcursed mass/accursed screaming (9)]
 29258 | Abyss:2  | Killed from afar by a starcursed mass

Illustrated notes

Levels and vault maps discovered:
D:1:      onia_arrival_zoo_common, layout_loops_ring, reono_crystal_passage,
          minmay_crystal_water
D:2:      layout_loops_corners, serial_shops, nicolae_square_shop, basic_altar
D:3:      layout_basic, nicolae_ru_path_of_blood, minivault_27
D:4:      layout_layer_cave, nicolae_dithmenos_shadow_blocks,
          nicolae_ossuary_entry_ruins, grunt_decor_mini_mirrors, st_stairs_12,
          uniq_menkaure
D:5:      layout_basic, kennysheep_mini_moat
D:6:      layout_basic, temple_green, portal_sewer_entry_a,
          minmay_chambers_of_fives, uniq_grinder, uniq_edmund,
          uniq_blork_the_orc, uniq_prince_ribbit1
D:7:      layout_loops_ring, jmf_multi_god_temple2
D:8:      layout_basic, grunt_qazlal_sundering,
          mainiacjoe_overflow_concentric_impassable, lair_entry_dummy,
          gammafunk_ghost_berserking_beasts, st_stairs_14,
          nicolae_elevator_lobby_plus, uniq_erica
D:9:      layout_long_grid, elyvilon_altar_1, mainiacjoe_overflow_brackets,
          worldfamousw_hep_ancestral_shrine
D:10:     layout_irregular_city, mainiacjoe_overflow_small_starburst,
          orc_david_3
D:11:     layout_cross, ebering_ghost_rock_garden, grunt_gozag_statues
D:12:     layout_irregular_city
D:13:     layout_gridville, grunt_vaults_entry_tiered, gammafunk_ghost_mausoleum
D:14:     layout_irregular_city, nicolae_elevator_lobby_asterisk
D:15:     hangedman_depths_entry_civil_slaughter, layout_irregular_city,
          serial_column_ruins, column_ruins_hut, column_ruins_square_medium,
          column_ruins_open_tiny, column_ruins_corridor_dead_end,
          column_ruins_open_small, led_sif_pool
Temple:   nicolae_temple_ecumenical_triangle
Lair:1:   layout_regular_city, minmay_shattered_shrine, serial_bayou_shore_b
Lair:2:   layout_long_grid, minmay_shoals_entry_centaurs,
          guppyfry_snake_entry_garden, nzn_sisyphean_effort,
          lemuel_fruit_fields, lemuel_fruit_tree
Lair:3:   layout_regular_city, basic_altar, infiniplex_staircase_pool_2
Lair:4:   layout_roguey, slime_entry_2, serial_bayou_lagoon_a,
          grunt_forest_small_clearings
Lair:5:   grunt_lair_end_beastmaster, layout_cave_pods, st_stairs_8
Snake:1:  layout_onion, gammafunk_ghost_necromancy, nicolae_snake_gridmaze_tees,
          drop_trap, minmay_shop_grove, grunt_megastairs_2
Snake:2:  layout_onion, serial_shops, shop, serial_bayou_pond_a,
          nicolae_shop_sticking_my_neck_out, uniq_vashnia
Orc:1:    layout_caves, minmay_orc_keep
Orc:2:    grunt_orc_tribal_feast, layout_diamond_mine, nicolae_orc_bridge_out
Abyss:2:  base: D:7, minivault_20, hangedman_abyss_theft

Skill      XL: |  1  2  3  4  5  6  7  8  9 10 11 12 13 14 15 16 |
---------------+-------------------------------------------------+-----
Polearms       | 4 5 |  5.7
Fighting       | 4 5 6 7 9 10 12 13 14 15 17 | 17.5
Armour         | 3 4 5 6 7 9 10 12 13 14 15 16 17 | 17.2
Dodging        | 3 4 5 6 8 9 11 12 13 14 15 16 | 16.0
Long Blades    | 3 |  3.7
Maces & Flails | 3 6 8 10 11 13 14 15 | 15.9
Short Blades   | 2 |  2.6
Evocations     | 3 5 |  5.0
Stealth        | 4 5 |  5.0

Action                   |  1- 3 |  4- 6 |  7- 9 | 10-12 | 13-15 | 16-18 || total
-------------------------+-------+-------+-------+-------+-------+-------++-------
Melee: Spear             |   119 |   161 |       |       |       |       ||   280
       Headbutt          |    15 |    11 |    42 |   125 |   273 |    38 ||   504
       Falchion          |       |     7 |    42 |       |       |       ||    49
       Punch             |       |     1 |     2 |     1 |       |       ||     4
       Flail             |       |       |    25 |    93 |       |       ||   118
       Dire flail        |       |       |   166 |   359 |   351 |       ||   876
       Rapier            |       |       |       |    69 |       |       ||    69
       Great mace        |       |       |       |       |   748 |   133 ||   881
 Fire: Sling             |       |     3 |       |       |       |       ||     3
Throw: Stone             |       |       |     2 |       |       |       ||     2
Invok: Berserk           |       |       |     3 |       |     2 |       ||     5
       Brothers in Arms  |       |       |       |       |     1 |       ||     1
       Trog's Hand       |       |       |       |       |       |     1 ||     1
Evoke: Wand              |       |       |       |     1 |     2 |       ||     3
  Use: Scroll            |     1 |     9 |     7 |       |    11 |     1 ||    29
       Potion            |       |       |     1 |       |     2 |     2 ||     5
 Stab: Sleeping          |       |     2 |     1 |       |       |       ||     3
Armor: Leather armour    |     6 |       |       |       |       |       ||     6
       Ring mail         |    12 |    37 |    32 |       |       |       ||    81
       Chain mail        |       |       |   153 |   276 |   632 |    32 ||  1093
Dodge: Dodged            |    43 |    54 |   194 |   458 |   734 |    63 ||  1546
Block: Buckler           |       |       |       |     9 |       |       ||     9
